 Dungeon Crawl Stone Soup version 0.18.1-5-g4a78601 (webtiles) character file.

7143 TheHangedMan the Thaumaturge (level 10, -4/56 HPs)
             Began as a High Elf Wizard on May 11, 2016.
             Was a High Priest of Sif Muna.
             Slain by an unseen horror (7 damage)
             ... on level 11 of the Dungeon.
             The game lasted 00:48:33 (10642 turns).

TheHangedMan the Thaumaturge (High Elf Wizard)     Turns: 10642, Time: 00:48:34

Health: -4/56      AC:  3    Str:  7    XL:     10   Next: 85%
Magic:  7/27       EV: 13    Int: 26    God:    Sif Muna [*****.]
Gold:   452        SH:  5    Dex: 16    Spells: 5 memorised, 22 levels left

rFire  + . .     SeeInvis .     S - +7 trident of Greatest Utility {venom, *Corrode rF+ Dex+3}
rCold  . . .     Gourm    .     P - -1 robe (curse)
rNeg   . . .     Faith    +     l - +0 buckler
rPois  +         Spirit   .     b - +0 hat
rElec  .         Dismiss  .     (no cloak)
rCorr  .         Reflect  .     e - +1 pair of gloves
SustAt .         Harm     .     (no boots)
MR     +....                    O - amulet of faith
Stlth  +.........               A - ring of poison resistance
                                L - ring of wizardry

@: about to teleport, glowing, somewhat resistant to hostile enchantments, very
unstealthy
A: no striking features
a: Channel Energy, Forget Spell, Renounce Religion


You were on level 11 of the Dungeon.
You worshipped Sif Muna.
Sif Muna was extremely pleased with you.
You were hungry.

You visited 2 branches of the dungeon, and saw 12 of its levels.
You also visited: Ossuary.

You collected 452 gold pieces.

Inventory:

Hand Weapons
 S - the +7 trident of Greatest Utility (weapon) {venom, *Corrode rF+ Dex+3}
   (You found it on level 8 of the Dungeon)

   It poisons the flesh of those it strikes.
   It affects your dexterity (+3).
   It protects you from fire.
   It may corrode you when you take damage.
Armour
 a - a +0 robe
 b - a +0 hat (worn)
 e - a +1 pair of gloves (worn)
 l - a +0 buckler (worn)
 P - a cursed -1 robe (worn)
 R - a +0 troll leather armour
 U - a +0 leather armour of fire resistance
Magical Staves
 J - an uncursed staff of fire
Jewellery
 i - a +5 amulet of reflection
 u - an uncursed ring of flight
 A - a ring of poison resistance (right hand)
 K - a +3 ring of dexterity
 L - a ring of wizardry (left hand)
 O - an amulet of faith (around neck)
Wands
 k - a wand of heal wounds (6/9)
 M - a wand of polymorph (4/24)
 N - a wand of lightning (9/15)
 T - a wand of paralysis (12/24)
Scrolls
 f - 5 scrolls of recharging
 g - 5 scrolls of magic mapping {unknown}
 j - a scroll of fog {unknown}
 o - 12 scrolls of identify
 p - a scroll of enchant armour
 s - 3 scrolls of amnesia {unknown}
 t - 3 scrolls of enchant weapon
 y - a scroll of fear {unknown}
 z - 4 scrolls of teleportation
 E - 3 scrolls of remove curse
 F - a scroll of acquirement {unknown}
 G - a scroll of noise {unknown}
Potions
 m - a potion of haste {unknown}
 n - 6 potions of lignification
 v - 2 potions of berserk rage {unknown}
 w - 3 potions of brilliance {unknown}
 B - 3 potions of flight
 C - a potion of heal wounds {unknown}
 D - a potion of ambrosia {unknown}
 I - a potion of magic {unknown}
 Q - a potion of cancellation {unknown}
Books
 c - a book of Flames

   Spells                             Type                      Level
   a - Flame Tongue                   Conjuration/Fire             1
   b - Throw Flame                    Conjuration/Fire             2
   c - Conjure Flame                  Conjuration/Fire             3
   d - Inner Flame                    Hexes/Fire                   3
   e - Sticky Flame                   Conjuration/Fire             4
   f - Fireball                       Conjuration/Fire             5
Comestibles
 d - 11 bread rations
 h - 6 meat rations
 q - 2 chunks of flesh
 r - 7 fruits
 x - a beef jerky


   Skills:
 + Level 3.0 Armour
 - Level 2.1 Dodging
 - Level 2.1 Stealth
 - Level 4.5 Shields
 + Level 12.2 Spellcasting
 + Level 11.9 Conjurations
   Level 0.8 Summonings
 - Level 1.1 Translocations


You had 22 spell levels left.
You knew the following spells:

 Your Spells              Type           Power        Failure   Level  Hunger
a - Magic Dart            Conj           ####         1%          1    None
b - Blink                 Tloc           N/A          1%          2    None
c - Conjure Flame         Conj/Fire      #####...     1%          3    None
d - Mephitic Cloud        Conj/Pois/Air  #####...     1%          3    None
e - Repel Missiles        Chrm/Air       ###...       2%          2    None


Dungeon Overview and Level Annotations

Branches:
Dungeon (11/15)            Temple (1/1) D:6            Lair (0/8) D:10
    Orc: D:9-12

Altars:
Ashenzari
Cheibriados
Dithmenos
Elyvilon
Fedhas
Gozag
Kikubaaqudgha
Makhleb
Nemelex Xobeh
Okawaru
Pakellas
Qazlal
Ru
Sif Muna
Trog
Vehumet
Xom
Yredelemnul
Zin
The Shining One

Shops:
D:4 *

Annotations:
D:11 mopl's ghost, journeyman HEEn


Message History

This wand has 6 charges left.
Something hits you!
* * * LOW HITPOINT WARNING * * *
Mopl's ghost points at you and mumbles some strange words.
You are more confused.
You're too confused!
Unknown command.
Drink which item? (? for menu, Esc to quit)
Okay, then.
Evoke which item? (* to show all) (? for menu, Esc to quit)
Okay, then.
Drink which item? (? for menu, Esc to quit)
You feel better. Something hits you!
* * * LOW HITPOINT WARNING * * *
Mopl's ghost barely misses you.
Casting: Blink
Confirm with . or Enter, or press ? or * to list all spells.
You blink.
Something hits you!
* * * LOW HITPOINT WARNING * * *
Something hits you!
You die...

#.# #....#
#.# #.####
##.####.#
#....##.#
#..#.##.#
#..#ยง##.#
#....W..#
###.#.####
#..@#.#
#.....#
#.###.#
#.# #.#
### ###


There were no monsters in sight!

Vanquished Creatures
  The ghost of CcS the Cleaver, a novice MiBe of Trog (D:9)
  A hill giant (D:10)
  Pikel (D:6)
  2 ugly things
  A troll (D:9)
  Prince Ribbit (D:6)
  Sigmund (D:2)
  A spriggan (D:6)
  A wyvern (D:9)
  A hungry ghost (D:11)
  A hippogriff (D:9)
  Duvessa (D:6)
  3 ice beasts
  A black bear (D:6)
  3 sky beasts
  3 phantoms
  2 orc warriors
  2 necrophages
  6 ogres
  3 centaurs
  2 big kobolds
  2 giant frogs
  Dowan (D:6)
  A water moccasin skeleton (D:7)
  2 crimson imps
  2 giant frog zombies
  2 centaur zombies
  3 hounds
  6 jellies
  7 orc wizards
  3 orc priests
  3 centaur skeletons
  An iguana (D:5)
  A giant frog skeleton (D:9)
  3 worker ants
  A big kobold zombie (Ossuary)
  2 hound skeletons
  3 mummies (Ossuary)
  2 worker ant zombies
  3 gnolls (D:10)
  7 adders
  3 oozes
  2 adder skeletons
  A worm (D:3)
  A dart slug (D:1)
  7 giant geckos
  24 orcs
  6 giant cockroaches
  2 gnoll zombies (Ossuary)
  4 goblins
  6 hobgoblins
  4 jackals
  4 quokkas
  A ball python (D:7)
  5 bats
  A giant gecko skeleton (D:8)
  A giant gecko zombie (D:9)
  5 giant newts
  2 hobgoblin zombies (Ossuary)
  12 kobolds
  A kobold zombie (Ossuary)
  An orc zombie (Ossuary)
  A quokka skeleton (D:9)
  2 rats
  A spectral orc (D:8)
190 creatures vanquished.

Vanquished Creatures (collateral kills)
  A slave (D:6)
  An orc (D:6)
2 creatures vanquished.

Vanquished Creatures (others)
  An ice beast (D:6)
1 creature vanquished.

Grand Total: 193 creatures vanquished

Notes
Turn   | Place    | Note
--------------------------------------------------------------
     0 | D:1      | TheHangedMan the High Elf Wizard began the quest for the Orb.
     0 | D:1      | Reached XP level 1. HP: 11/11 MP: 6/6
   419 | D:1      | Reached XP level 2. HP: 17/17 MP: 3/7
   620 | D:2      | Noticed Sigmund
   700 | D:2      | Reached XP level 3. HP: 14/21 MP: 2/9
   865 | D:2      | Learned a level 2 spell: Blink
   869 | D:2      | Learned a level 3 spell: Conjure Flame
   873 | D:2      | Learned a level 3 spell: Mephitic Cloud
   971 | D:2      | Killed Sigmund
   971 | D:2      | Reached skill level 5 in Conjurations
   971 | D:2      | Reached XP level 4. HP: 27/27 MP: 4/10
   971 | D:2      | Reached XP level 5. HP: 31/31 MP: 4/11
   980 | D:2      | Learned a level 2 spell: Repel Missiles
  1948 | D:3      | Found an oddly glowing altar of Pakellas.
  2228 | D:4      | Noticed an ogre
  2237 | D:4      | Killed an ogre
  2237 | D:4      | Reached XP level 6. HP: 36/36 MP: 3/12
  2504 | D:4      | Found a sand-covered staircase.
  2537 | Ossuary  | Entered an ossuary
  3243 | D:4      | Found Hamamoj's General Store.
  3537 | D:5      | Entered Level 5 of the Dungeon
  3670 | D:5      | Reached XP level 7. HP: 41/41 MP: 4/13
  5112 | D:6      | Found a staircase to the Ecumenical Temple.
  5133 | Temple   | Entered the Ecumenical Temple
  5224 | Temple   | Became a worshipper of Sif Muna the Loreminder
  5305 | D:6      | Noticed Duvessa
  5305 | D:6      | Noticed Dowan
  5314 | D:6      | Killed Duvessa
  5314 | D:6      | Reached skill level 10 in Conjurations
  5314 | D:6      | Reached XP level 8. HP: 46/46 MP: 3/14
  5326 | D:6      | Killed Dowan
  5627 | D:6      | Noticed Prince Ribbit
  5644 | D:6      | Killed Prince Ribbit
  5644 | D:6      | Reached * piety under Sif Muna
  5839 | D:6      | Reached skill level 4 in Spellcasting
  6015 | D:6      | Reached skill level 5 in Spellcasting
  6112 | D:6      | Noticed Pikel
  6132 | D:6      | Killed Pikel
  6132 | D:6      | Reached ** piety under Sif Muna
  6132 | D:6      | Reached skill level 7 in Spellcasting
  6132 | D:6      | Reached XP level 9. HP: 37/51 MP: 10/21
  6631 | D:7      | Reached skill level 8 in Spellcasting
  6736 | D:6      | Reached skill level 1 in Shields
  7189 | D:7      | Reached skill level 9 in Spellcasting
  7496 | D:8      | Found a snail-covered altar of Cheibriados.
  7513 | D:8      | Reached *** piety under Sif Muna
  7519 | D:8      | Found a shadowy altar of Dithmenos.
  7724 | D:8      | Got a dazzling trident
  7759 | D:8      | Identified the +7 trident of Greatest Utility {venom, *Corrode rF+ Dex+3} (You found it on level 8 of the Dungeon)
  8345 | D:8      | Found a basalt altar of Yredelemnul.
  8694 | D:9      | Reached skill level 10 in Spellcasting
  8698 | D:9      | Noticed CcS's ghost (novice MiBe)
  8704 | D:9      | Reached XP level 10. HP: 53/56 MP: 20/25
  8791 | D:9      | Killed CcS's ghost
  8791 | D:9      | Reached **** piety under Sif Muna
  8791 | D:9      | Reached skill level 11 in Spellcasting
  9458 | D:10     | Entered Level 10 of the Dungeon
  9513 | D:10     | Noticed a green ugly thing
  9538 | D:10     | Killed a green ugly thing
  9538 | D:10     | Reached skill level 1 in Armour
  9551 | D:10     | Reached ***** piety under Sif Muna
  9941 | D:10     | Found a staircase to the Lair.
  9990 | D:10     | Noticed a hill giant
 10012 | D:10     | Killed a hill giant
 10059 | D:10     | Reached skill level 12 in Spellcasting
 10565 | D:11     | Noticed a red ugly thing
 10573 | D:11     | Noticed mopl's ghost (journeyman HEEn)
 10598 | D:11     | Killed a red ugly thing
 10642 | D:11     | Slain by an unseen horror

Skill      XL: |  1  2  3  4  5  6  7  8  9 10 |
---------------+-------------------------------+-----
Conjurations   | 2 3 5 6 8 10 11 | 11.9
Spellcasting   | 7 10 12 | 12.2
Shields        | 4 |  4.5
Armour         | 3 |  3.0
Dodging        | |  2.1
Stealth        | |  2.1
Summonings     | |  0.8
Translocations | |  1.1

Action                   |  1- 3 |  4- 6 |  7- 9 | 10-12 || total
-------------------------+-------+-------+-------+-------++-------
Melee: Dagger            |    11 |    32 |    49 |       ||    92
       Staff             |       |     1 |     7 |       ||     8
       Trident           |       |       |    27 |   159 ||   186
Throw: Tomahawk          |       |       |     2 |       ||     2
 Cast: Magic Dart        |    47 |   109 |   287 |    75 ||   518
       Mephitic Cloud    |     2 |     1 |    30 |     8 ||    41
       Conjure Flame     |       |     5 |    12 |    14 ||    31
       Repel Missiles    |       |     1 |     2 |       ||     3
       Blink             |       |       |    10 |    17 ||    27
Evoke: Wand              |       |       |       |     3 ||     3
  Use: Scroll            |       |     2 |     7 |     2 ||    11
       Potion            |       |       |       |     3 ||     3
 Stab: Confused          |     2 |       |     4 |     3 ||     9
  Eat: Chunk             |       |     8 |    17 |     4 ||    29
       Pizza             |       |       |       |     1 ||     1
Armor: Robe              |     8 |     2 |    13 |    13 ||    36
       Skin              |       |       |       |    14 ||    14
Dodge: Dodged            |    13 |    16 |    75 |    33 ||   137
       Deflected         |       |       |     3 |     2 ||     5
Block: Other             |     3 |     3 |    33 |       ||    39
       Reflection        |       |       |     6 |       ||     6
       Buckler           |       |       |     2 |    26 ||    28
